 Dungeon Crawl Stone Soup version 0.31-a0-210-gccc998df9b (webtiles) character file.

Game seed: 10224186122482390193

60 qw the Shooter (level 4, -6/26 HPs)
             Began as a Gargoyle Hexslinger on June 30, 2023.
             Mangled by an ice beast (10 damage)
             ... on level 2 of the Dungeon.
             The game lasted 00:00:37 (1459 turns).

qw the Shooter (Gargoyle Hexslinger)                Turns: 1459, Time: 00:00:37

Health: -6/26      AC:  6    Str: 11    XL:     4   Next: 4%
Magic:  5/5        EV:  9    Int: 14    God:
Gold:   93         SH:  0    Dex: 14    Spells: 4/5 levels left

rFire   . . .        Y - +1 sling
rCold   . . .        (no shield)
rNeg    + . .        c - +0 robe
rPois   inf          (no helmet)
rElec   +            (no cloak)
rCorr   .            (no gloves)
SInv    .            e - +0 pair of boots
Will    .....        (no amulet)
Stlth   +            (no ring)
HPRegen 0.24/turn    (no ring)
MPRegen 0.09/turn

%: no passive effects
@: about to teleport, constricted
A: sickness immunity, AC +3, negative energy resistance 1, electricity
resistance, torment resistance 1, petrification resistance
a: no special abilities


You were on level 2 of the Dungeon.
You visited 1 branch of the dungeon, and saw 3 of its levels.

You collected 93 gold pieces.


Innate Abilities, Weirdness & Mutations

You are immune to sickness and miasma.
Your stone body is resilient. (AC +3)
You are immune to poison.
You resist negative energy. (rN+)
You are resistant to electric shocks. (rElec)
You are resistant to unholy torment.
You are immune to petrification.


   Skills:
 - Level 2.0 Fighting
 + Level 3.9 Ranged Weapons
 - Level 1.5 Dodging
 - Level 1.0 Spellcasting
 - Level 2.6 Hexes


You had 4 spell levels left.
You knew the following spells:

 Your Spells              Type           Power      Damage    Failure   Level
a - Slow                  Hex            32%        N/A       9%          1

Your spell library contained the following spells:

 Spells                   Type           Power      Damage    Failure   Level
 Inner Flame              Hex/Fire       4%         N/A       41%         3
 Portal Projectile        Hex/Tloc       8%         N/A       41%         3
 Cause Fear               Hex            4%         N/A       65%         4

Inventory:

Hand Weapons
 Y - a +1 sling (weapon)
Armour
 c - a +0 robe (worn)
 e - a +0 pair of boots (worn)
Scrolls
 f - a scroll of teleportation
Potions
 a - a potion of heal wounds {unknown}
 h - a potion of curing {unknown}
 i - a potion of attraction {unknown}

Dungeon Overview and Level Annotations

Branches:
Dungeon (3/15)

Altars:


Message History

Enter note:
Enter note: You shoot a sling bullet.
The sling bullet hits the ice beast.
The ice beast is moderately wounded.
The ball python misses you. The ball python barely misses you.
The ball python closely misses you. The ball python barely misses you.
The ice beast hits you but does no damage.
You shoot a sling bullet. The sling bullet hits the ice beast.
The ice beast is heavily wounded.
The ball python bites you but does no damage.
The ball python barely misses you. x3; The ice beast closely misses you.
The ball python bites you but does no damage.
The ball python grabs you. The ball python constricts you.
The ball python closely misses you.
You shoot a sling bullet.
The sling bullet barely misses the ball python.
The ball python bites you but does no damage.
The ball python constricts you.
The ice beast hits you but does no damage.
The ball python bites you but does no damage.
You shoot a sling bullet. The sling bullet hits the ball python.
The ball python is severely wounded.
The ball python bites you. The ball python constricts you.
The ball python barely misses you.
The ice beast hits you but does no damage.
The ball python barely misses you. The ball python constricts you.
The ball python barely misses you.
The ice beast hits you but does no damage.
You shoot a sling bullet.
The sling bullet barely misses the ball python.
The ball python bites you but does no damage.
The ball python constricts you. The ball python barely misses you.
The ice beast hits you. The ice beast freezes you.
1459 ||| READING 2 scrolls of teleportation.
As you read the scroll of teleportation, it crumbles to dust.
You feel strangely unstable. The ball python barely misses you.
The ball python constricts you. The ball python barely misses you.
The ice beast hits you. The ice beast freezes you!
You die...

#..... ######## ######
#..... #......# #....#
#..... #......#
###....###.....
###......###..............
#........##..#....###.....
#.....###...##....# ######
#.....##.S...######
#.....##S@##.# ##########
#.....##.Y##.# #.........
#.....##..##.# #.........
#.....'......# #.........
#...).#.#.##.## #.........
#.....#.#.....###........[
####....#.##....#####....#
###.####.......#####....#
#.........####..........#


You could see an ice beast and 2 ball pythons.

Vanquished Creatures
  2 adders (D:2)
  An orc (D:2)
  6 ball pythons
  2 endoplasms (D:1)
  A giant cockroach (D:2)
  4 goblins
  2 hobgoblins (D:1)
  A quokka (D:1)
  6 bats
  3 frilled lizards
  8 kobolds
  4 rats
40 creatures vanquished.

Notes
Turn   | Place    | Note
-------+----------+-------------------------------------------
     0 | D:1      | qw the Gargoyle Hexslinger began the quest for the Orb.
     0 | D:1      | Reached XP level 1. HP: 12/12 MP: 2/2
     0 | D:1      | 0 ||| qw: Version: 0.3-a-26-gee661ec
     0 | D:1      | 0 ||| qw: Game counter: 7293
     0 | D:1      | 0 ||| qw: Melee chars always use a shield: true
     0 | D:1      | 0 ||| qw: God list: Okawaru
     0 | D:1      | 0 ||| qw: Allow faded altars: false
     0 | D:1      | 0 ||| qw: Do Orc after clearing Dungeon:15 true
     0 | D:1      | 0 ||| qw: Do second Lair branch before Depths: true
     0 | D:1      | 0 ||| qw: Lair rune preference: random
     0 | D:1      | 0 ||| qw: Goals: Normal
     0 | D:1      | 0 ||| PLANNING D:1-11
   105 | D:1      | Reached XP level 2. HP: 16/16 MP: 3/3
   214 | D:1      | Reached skill level 3 in Ranged Weapons
   448 | D:1      | Reached XP level 3. HP: 21/21 MP: 4/4
   779 | D:1      | 779 ||| UPGRADING to +0 pair of boots.
   784 | D:1      | 784 ||| READING scroll labelled TERENO IWENKU.
   785 | D:1      | 785 ||| READING 3 scrolls labelled ROKKORRASIO.
   788 | D:1      | 788 ||| READING scroll labelled SYTOAN BEMAROS.
   789 | D:1      | 789 ||| DROPPING scroll of poison.
  1142 | D:2      | Reached XP level 4. HP: 25/26 MP: 5/5
  1413 | D:2      | 1413 ||| READING scroll labelled NOVUSH TILLI.
  1414 | D:2      | 1414 ||| READING scroll labelled WIGEIW DUEJ.
  1415 | D:2      | 1415 ||| DRINKING 2 coppery potions.
  1416 | D:2      | 1416 ||| DROPPING potion of invisibility.
  1440 | D:3      | Noticed an ice beast
  1452 | D:3      | 1452 ||| STAIRDANCE
  1458 | D:2      | HP: 6/26 [ice beast (5)]
  1459 | D:2      | 1459 ||| READING 2 scrolls of teleportation.
  1459 | D:2      | Mangled by an ice beast

Levels and vault maps discovered:
D:1:      mainiacjoe_arrival_reflecting_pool, layout_loops_ring,
          minmay_misc_feat_nine_boxes, solitary_fountain
D:2:      layout_basic
D:3:      layout_basic, lemuel_coloured_pillars_altar, basic_ecumenical_altar,
          hangedman_feature_mirror, kennysheep_decorative_pillar,
          minmay_ruptured, uniq_terence

Skill      XL: |  1  2 |
---------------+-------+-----
Ranged Weapons | 3 |  3.9
Fighting       | 2 |  2.0
Dodging        | |  1.5
Spellcasting   | |  1.0
Hexes          | |  2.6

Action                     |  1- 3 |  4- 6 || total
---------------------------+-------+-------++-------
   Fire: Sling             |   126 |    19 ||   145
    Use: Scroll            |     3 |     3 ||     6
         Potion            |       |     1 ||     1
 Armour: Robe              |    22 |    15 ||    37
  Dodge: Dodged            |    54 |    42 ||    96

Table legend:
 A = Non-vault XP
 B = Vault XP
 C = Vault XP percentage of total XP
 D = Non-vault monster count
 E = Vault monster count
 F = Vault count percentage of total count
                 A         B        C        D         E       F
            +---------+---------+-------+---------+---------+-------
      Total |      86 |       0 |   0.0 |      40 |       0 |   0.0
            +---------+---------+-------+---------+---------+-------
        D:1 |      41 |       0 |   0.0 |      25 |       0 |   0.0
        D:2 |      45 |       0 |   0.0 |      15 |       0 |   0.0
            +---------+---------+-------+---------+---------+-------
